 Dungeon Crawl Stone Soup version 0.16.0-12-g7215832 (webtiles) character file.

149 maniek23 the Sneak (level 5, -4/35 HPs)
             Began as a Vampire Enchanter on Mar 18, 2015.
             Killed by divine providence
             ... invoked by an orc priest
              (7 damage)
             ... on level 3 of the Dungeon.
             The game lasted 00:06:35 (2786 turns).

maniek23 the Sneak (Vampire Enchanter)              Turns: 2786, Time: 00:06:35

Health: -4/35      AC:  3    Str:  8    XL:     5   Next: 9%
Magic:  1/9        EV: 12    Int: 17    God:
Gold:   138        SH:  0    Dex: 14    Spells: 2 memorised, 4 levels left

rFire  . . .     SeeInvis +     a - +1 dagger
rCold  . . .     Clarity  .     k - +0 leather armour (curse)
rNeg   + . .     SustAb   .     (no shield)
rPois  .         Gourm    .     (no helmet)
rElec  .         Spirit   .     (no cloak)
rCorr  .         Warding  .     (no gloves)
rMut   .         Stasis   .     (no boots)
MR     .....                    (no amulet)
Stlth  +++.......               (no ring)
                                (no ring)

@: very slightly contaminated, not resistant to hostile enchantments, fairly
stealthy
A: bottle blood, fangs 3, see invisible, unbreathing
a: Bat Form


You were on level 3 of the Dungeon.
You were not thirsty.

You visited 1 branch of the dungeon, and saw 3 of its levels.

You collected 138 gold pieces.

Inventory:

Hand weapons
 a - a +1 dagger (weapon)
Armour
 b - a +1 robe
 k - a cursed +0 leather armour (worn)
Jewellery
 o - an uncursed ring of stealth {unknown}
Scrolls
 e - a scroll of teleportation {unknown}
 f - a scroll of fear {unknown}
 g - a scroll of enchant armour {unknown}
 h - 2 scrolls of identify {unknown}
 i - a scroll of noise {unknown}
 l - a scroll of amnesia {unknown}
Potions
 d - 9 potions of blood
 j - a potion of invisibility {unknown}
 m - 2 potions of restore abilities {unknown}
 n - a potion of curing {unknown}
Books
 c - a book of Maledictions

   Spells                             Type                      Level
   a - Corona                         Hexes                        1
   b - Sure Blade                     Hexes/Charms                 2
   c - Ensorcelled Hibernation        Hexes/Ice                    2
   d - Confuse                        Hexes                        3
   e - Dazzling Spray                 Conjuration/Hexes            3
   f - Enslavement                    Hexes                        4


   Skills:
 + Level 0.1 Fighting
 + Level 2.1 Short Blades
 + Level 1.0 Armour
 + Level 3.2 Dodging
 + Level 6.2 Stealth
 + Level 2.1 Spellcasting
 + Level 5.5 Hexes


You had 4 spell levels left.
You knew the following spells:

 Your Spells              Type           Power        Failure   Level  Hunger
a - Corona                Hex            ###....      2%          1    #......
b - Confuse               Hex            ###.....     10%         3    ###....


Dungeon Overview and Level Annotations

Branches:
Dungeon (3/15)

Altars:


Innate Abilities, Weirdness & Mutations

You can bottle blood from corpses.
You have razor-sharp teeth.
You have supernaturally acute eyesight.
You can survive without breathing.


Message History

The orc priest is lightly wounded.
The orc priest mumbles some strange prayers to Beogh.
You feel troubled.
Unknown command.
Casting: Confuse
Confirm with . or Enter, or press ? or * to list all spells.
Aiming: Confuse
Press: ? - help, Shift-Dir - straight line, f/p - orc priest
Aim: an orc priest, wielding a short sword and wearing a leather armour (lightly wounded, chance 50%)
The orc struggles to resist.
The orc priest calls down the wrath of Beogh upon you.
Something smites you!
* * * LOW HITPOINT WARNING * * *
Casting: Confuse
Confirm with . or Enter, or press ? or * to list all spells.
You don't have enough magic to cast that spell.
Unknown command.
The orc priest invokes the aid of Beogh against you.
Something smites you!
You die...

#..# #.##.#.#.######
#..###.##.#.#...<...
#............#######
####.###.##.....##
#.....#..........#
#.#.(.(............
#...#.#..........##
##.##.##.##.....##
#. #@##.###...## #.
#.##.# #.## #.
#.##.# .# #. #o##.#
.# o.


ooo . o..... ###..o? #####. (# You could see an orc priest, an orc wizard and 2
orcs.

Vanquished Creatures
  The ghost of Sorcv the Sneak, a weakling KoEn (D:3)
  3 adders (D:2)
  5 worms
  An adder zombie (D:1)
  3 giant geckos (D:2)
  2 oozes
  2 orcs (D:3)
  A ball python (D:2)
  5 bats
  A bat zombie (D:1)
  2 giant cockroaches
  7 goblins
  6 hobgoblins
  5 kobolds
  2 giant newts (D:2)
  10 rats
56 creatures vanquished.

Notes
Turn   | Place    | Note
--------------------------------------------------------------
     0 | D:1      | maniek23, the Vampire Enchanter, began the quest for the Orb.
     0 | D:1      | Reached XP level 1. HP: 13/13 MP: 3/3
   139 | D:1      | Reached XP level 2. HP: 11/19 MP: 4/4
   404 | D:1      | Reached skill level 5 in Hexes
   548 | D:1      | Reached skill level 5 in Stealth
   962 | D:2      | Reached XP level 3. HP: 10/24 MP: 6/6
  1427 | D:2      | Learned a level 3 spell: Confuse
  1785 | D:2      | Reached XP level 4. HP: 30/30 MP: 7/7
  2515 | D:3      | Noticed Sorcv's ghost (weakling KoEn)
  2532 | D:3      | Reached skill level 6 in Stealth
  2542 | D:3      | Killed Sorcv's ghost
  2542 | D:3      | Reached skill level 1 in Armour
  2550 | D:3      | Reached XP level 5. HP: 18/35 MP: 1/9
  2786 | D:3      | Killed from afar by an orc priest

Action                   |  1- 3 |  4- 6 || total
-------------------------+-------+-------++-------
Melee: Dagger            |    90 |    82 ||   172
 Cast: Confuse           |       |     9 ||     9
  Use: Potion            |     1 |     2 ||     3
 Stab: Sleeping          |    10 |     2 ||    12
       Confused          |       |     4 ||     4
  Eat: Corpse            |       |     1 ||     1
